AoeStats
← warzippo

Black Forest

509712617Analyzed
4v4 RM · 6d ago on Sep 27, 2026· 63m 24s· 8 players
Game mode
Random Map
Map size
Large (8 player)
Population
200
Speed
Normal
Resources
Standard
Victory
Conquest
Starting age
Dark Age
Ending age
Imperial Age
RankedLock teamsTeams togetherTeam positionsShared explorationLock speedFull tech treeHidden civsTurbo modeCheats
Victory
Defeat
🇸🇪 Ethiopians · Sweden
889
+10
🇸🇪 Bohemians · Sweden
739
+16
🇸🇪 Teutons · Sweden
712
+18
🇩🇰 Varangians · Denmark
712
+18
🇩🇪 Khmer · Germany
801
-18
🇩🇪 Danes · Germany
769
-16
🇩🇪 Spanish · Germany
718
-14
🇩🇪 Britons · Germany
716
-14
BlackPearl.
1:03 Loom
12:14 Feudal Age
12:54 Horse Collar
13:00 Double-Bit Axe
16:58 Castle Age
14:55 Gold Mining
18:17 Bow Saw
18:10 Heavy Plow
23:41 Scale Mail Armor
25:30 Forging
30:33 Gold Shaft Mining
35:53 Imperial Age
34:05 Fletching
39:09 Bodkin Arrow
40:22 Bracer
41:23 Padded Archer Armor
42:49 Ballistics
42:53 Capped Ram
46:32 Leather Archer Armor
47:47 Wheelbarrow
51:46 Ring Archer Armor
51:32 Chain Mail Armor
51:53 Iron Casting
52:50 Onager
55:10 Heavy Mounted Crossbowman
FestungEuropa
0:36 Loom
13:23 Feudal Age
19:15 Castle Age
17:54 Horse Collar
18:02 Double-Bit Axe
23:13 Bow Saw
27:41 Heavy Plow
32:12 Wheelbarrow
31:34 Stone Mining
31:34 Gold Mining
35:18 Imperial Age
33:51 Hand Cart
34:17 Gold Shaft Mining
36:22 Caravan
36:00 Heavy Scorpion
36:48 Town Watch
38:24 Chemistry
37:45 Ballistics
37:28 Padded Archer Armor
37:18 Fletching
38:45 Murder Holes
39:08 Leather Archer Armor
38:49 Bodkin Arrow
38:38 Elite Ballista Elephant
40:39 Double Crossbow
49:49 Forging
49:45 Scale Barding Armor
49:52 Fortified Wall
58:48 Ring Archer Armor
58:19 Scale Mail Armor
58:55 Iron Casting
Hucis
1:40 Loom
14:22 Feudal Age
16:15 Horse Collar
17:16 Double-Bit Axe
23:31 Castle Age
22:03 Fletching
24:45 Stone Mining
25:10 Bow Saw
24:58 Bodkin Arrow
26:40 Heavy Plow
31:16 Gold Mining
32:14 Treadmill Crane
32:56 Ballistics
32:28 Guard Tower
32:34 Murder Holes
32:50 Masonry
32:59 Pikeman
33:40 Squires
33:26 Arson
33:47 Padded Archer Armor
33:58 Forging
33:48 Scale Mail Armor
40:12 Imperial Age
38:08 Fortified Wall
40:30 Elite Longbowman
41:16 Bracer
41:31 Leather Archer Armor
41:52 Iron Casting
42:21 Chemistry
41:22 Elite Skirmisher
43:25 Coinage
43:06 Guilds
44:09 Ring Archer Armor
47:36 Conscription
49:34 Halberdier
49:48 Man-at-Arms
50:13 Gambesons
51:13 Long Swordsman
53:02 Blast Furnace
52:18 Chain Mail Armor
52:55 Yeomen
53:01 Yeomen
52:24 Two-Handed Swordsman
55:45 Hoardings
58:51 Two-Man Saw
58:14 Caravan
warzippo
8:07 Loom
12:52 Feudal Age
13:24 Horse Collar
13:31 Double-Bit Axe
19:05 Castle Age
20:20 Bow Saw
20:12 Heavy Plow
30:16 Fortified Wall
30:28 Forging
30:23 Scale Mail Armor
30:31 Scale Barding Armor
31:12 Murder Holes
33:37 Pikeman
33:40 Light Cavalry
34:22 Husbandry
34:33 Bloodlines
37:16 Caravan
40:00 Imperial Age
40:09 Masonry
40:20 Ballistics
40:05 Cavalier
41:16 Chain Barding Armor
41:12 Chain Mail Armor
41:33 Iron Casting
42:41 Paladin
44:35 Man-at-Arms
45:39 Gambesons
45:55 Squires
45:18 Long Swordsman
45:44 Arson
46:27 Conscription
46:47 Two-Handed Swordsman
47:50 Champion
50:35 Architecture
54:30 Blast Furnace
54:01 Plate Mail Armor
56:28 Plate Barding Armor
63:31 Chemistry
Chihiro
1:15 Loom
15:42 Feudal Age
16:10 Double-Bit Axe
16:10 Horse Collar
18:16 Gold Mining
18:21 Stone Mining
20:46 Wheelbarrow
24:00 Castle Age
23:00 Fletching
25:36 Bow Saw
27:05 Heavy Plow
29:12 Hand Cart
28:43 Town Watch
29:47 Forging
29:33 Bodkin Arrow
30:47 Town Patrol
31:39 Stone Shaft Mining
31:44 Ballistics
35:57 Imperial Age
36:48 Iron Casting
38:11 Two-Man Saw
37:47 Crop Rotation
36:44 Elite Teutonic Knight
39:07 Chemistry
40:20 Blast Furnace
39:21 Scale Mail Armor
39:21 Padded Archer Armor
41:03 Hoardings
42:06 Crenellations
42:08 Ironclad
43:08 Conscription
44:10 Chain Mail Armor
44:11 Leather Archer Armor
43:22 Capped Ram
44:45 Fervor
45:19 Illumination
45:12 Block Printing
45:45 Elite Skirmisher
50:51 Caravan
53:04 Theocracy
57:51 Cavalier
61:47 Paladin
Brolo
1:05 Loom
11:27 Feudal Age
11:57 Double-Bit Axe
11:55 Horse Collar
14:08 Gold Mining
19:51 Castle Age
17:46 Stone Mining
20:14 Fletching
20:24 Padded Archer Armor
20:57 Bow Saw
22:53 Stone Shaft Mining
22:54 Gold Shaft Mining
22:21 Heavy Plow
24:37 Bodkin Arrow
24:58 Leather Archer Armor
29:06 Wheelbarrow
28:54 Crossbowman
33:51 Imperial Age
32:24 Hand Cart
32:48 Caravan
33:18 Coinage
33:02 Forging
32:52 Scale Mail Armor
34:05 Thumb Ring
35:53 Banking
35:34 Guilds
37:10 Ballistics
37:50 Chemistry
37:02 Fortified Wall
36:47 Murder Holes
37:03 Masonry
37:00 Siege Engineers
36:21 Arbalester
37:26 Conscription
37:33 Elite Shotel Warrior
39:12 Bracer
40:20 Ring Archer Armor
40:26 Iron Casting
40:06 Chain Mail Armor
41:41 Royal Heirs
45:12 Blast Furnace
44:42 Plate Mail Armor
61:51 Scale Barding Armor
62:22 Architecture
61:58 Torsion Engines
jenjak
0:27 Loom
13:40 Feudal Age
14:26 Double-Bit Axe
16:12 Town Watch
17:16 Man-at-Arms
23:21 Castle Age
21:28 Scale Mail Armor
21:10 Horse Collar
23:31 Pikeman
25:50 Murder Holes
26:56 Chemistry
27:31 Elite Skirmisher
28:41 Fortified Wall
28:27 Murder Holes
40:24 Imperial Age
38:58 Fletching
40:43 Masonry
48:22 Conscription
50:46 Wheelbarrow
53:12 Wagenburg Tactics
55:46 Forging
BlacKHazE.
0:36 Loom
14:33 Feudal Age
15:44 Double-Bit Axe
16:14 Horse Collar
18:29 Wheelbarrow
21:29 Castle Age
20:23 Stone Mining
20:28 Gold Mining
22:25 Bow Saw
22:21 Heavy Plow
27:54 Hand Cart
28:55 Scale Mail Armor
29:06 Forging
30:14 Chain Mail Armor
31:06 Iron Casting
30:46 Fortified Wall
30:17 Treadmill Crane
31:52 Masonry
34:45 Imperial Age
32:35 Arson
32:52 Squires
32:38 Gambesons
37:19 Elite Varangian Guard
40:07 Architecture
40:38 Chemistry
39:59 Ballistics
39:37 Murder Holes
42:08 Conscription
41:13 Gothikon
42:29 Plate Mail Armor
43:00 Blast Furnace
41:51 Fletching
43:21 Town Watch
43:49 Siege Engineers
44:29 Stone Shaft Mining
45:20 Two-Man Saw
47:38 Town Patrol
51:39 Caravan
56:46 Heated Shot
56:47 Guard Tower
56:59 Devotion
57:00 Atonement
57:11 Fervor
56:56 Herbal Medicine
57:37 Theocracy
57:27 Illumination
Connection lost

Rejoining the realm…

Still unreachable

The connection could not be restored.

Session expired

The server has moved on; the page needs a fresh start.